 Dungeon Sprint DCSS version 0.21-a0-414-gba8bdf1 (webtiles) character file.

1282 Kidiri the Thaumaturge (level 8, -14/48 HPs)
             Began as a Deep Elf Fire Elementalist on Nov 2, 2017.
             Was a Believer of Vehumet.
             Demolished by Snorg (19 damage)
             ... in the Dungeon (Sprint III: "The Ten Rune Challenge").
             The game lasted 00:06:03 (973 turns).

Kidiri the Thaumaturge (Deep Elf Fire Elementalist)  Turns: 973, Time: 00:06:04

Health: -14/48     AC:  2    Str:  5    XL:     8   Next: 29%
Magic:  4/26       EV: 16    Int: 25    God:    Vehumet [**....]
Gold:   61         SH:  0    Dex: 15    Spells: 9/32 levels left

rFire    . . .     SeeInvis .   r - +0 dagger
rCold    . . .     Gourm    .   (no shield)
rNeg     . . .     Faith    .   a - +0 robe
rPois    +         Spirit   .   (no helmet)
rElec    .         Reflect  .   (no cloak)
rCorr    .         Harm     .   (no gloves)
MR       .....     NoTele   +   (no boots)
Stlth    ++........             (no amulet)
HPRegen  0.16/turn              (no ring)
MPRegen  0.20/turn              (no ring)

@: very slightly contaminated
A: clever 1, poison resistance, evolution 1
a: Renounce Religion


You were in the Dungeon.
You worshipped Vehumet.
Vehumet was pleased with you.
You were not hungry.

You visited 1 branch You collected 61 gold pieces.

Inventory:

Hand Weapons
 b - a +0 long sword of holy wrath
 r - a +0 dagger (weapon)
 u - a +0 dagger
 y - a +0 hunting sling
 z - a +0 dagger
Armour
 a - a +0 robe (worn)
 s - a +0 robe
 v - a +0 robe
 x - a +0 robe
 A - a +0 robe
Scrolls
 k - 2 scrolls of identify
 m - a scroll of immolation
 n - a scroll of remove curse
 q - a scroll of holy word
Potions
 d - a potion of curing
 f - a potion of haste
 g - 2 potions of magic
 h - 2 potions of berserk rage
 l - 4 potions of mutation
 p - 3 potions of flight
Books
 t - a book of Flames

   Spells                             Type                      Level
   a - Flame Tongue                   Conjuration/Fire             1
   b - Throw Flame                    Conjuration/Fire             2
   c - Conjure Flame                  Conjuration/Fire             3
   d - Inner Flame                    Hexes/Fire                   3
   e - Sticky Flame                   Conjuration/Fire             4
   f - Fireball                       Conjuration/Fire             5
 w - a book of Minor Magic

   Spells                             Type                      Level
   a - Magic Dart                     Conjuration                  1
   b - Blink                          Translocation                2
   c - Call Imp                       Summoning                    2
   d - Slow                           Hexes                        2
   e - Conjure Flame                  Conjuration/Fire             3
   f - Mephitic Cloud                 Conjuration/Poison/Air       3
Miscellaneous
 j - a sack of spiders
Comestibles
 c - a bread ration
 o - 3 royal jellies


   Skills:
 + Level 3.9 Fighting
 + Level 4.6 Short Blades
 + Level 3.8 Armour
 + Level 6.2 Dodging
 - Level 2.4 Stealth
 * Level 12.8 Spellcasting
 + Level 7.7 Conjurations
 + Level 8.4 Fire Magic
 + Level 0.8 Ice Magic
 + Level 4.6 Air Magic
 + Level 5.1 Poison Magic


You had 9 spell levels left.
You knew the following spells:

 Your Spells              Type           Power        Failure   Level  Hunger
a - Flame Tongue          Conj/Fire      #####        1%          1    None
b - Throw Flame           Conj/Fire      ######       1%          2    None
c - Conjure Flame         Conj/Fire      ######..     1%          3    None
d - Inner Flame           Hex/Fire       #####...     1%          3    None
e - Sticky Flame          Conj/Fire      ######..     1%          4    None
f - Fireball              Conj/Fire      ######....   3%          5    ###....
g - Throw Frost           Conj/Ice       #####.       1%          2    None
h - Mephitic Cloud        Conj/Pois/Air  #####...     1%          3    None


Dungeon Overview and Level Annotations

Branches:
Dungeon (1/1)

Altars:
Cheibriados
Dithmenos
Elyvilon
Fedhas
Gozag
Hepliaklqana
Kikubaaqudgha
Makhleb
Nemelex Xobeh
Okawaru
Qazlal
Ru
Sif Muna
Trog
Uskayaw
Vehumet
Wu Jian
Xom
Yredelemnul
Zin
The Shining One
Beogh
Jiyva
Lugonu

Annotations:
D exclusion: door, Snorg


Innate Abilities, Weirdness & Mutations

Your mind is acute. (Int +2)
Your system is resistant to poisons. (rPois)
You evolve.


Message History

As you read the scroll of blinking, it crumbles to dust.
Snorg burns!
Casting: Sticky Flame
Confirm with . or Enter, or press ? or * to list all spells.
Aiming: Flame Tongue
Press: ? - help, Shift-Dir - straight line, f - Snorg
Aim: Snorg (almost dead, berserk, fast, unusually strong)
The flame tongue hits Snorg.
Snorg is almost dead.
Casting: Flame Tongue
Confirm with . or Enter, or press ? or * to list all spells.
Aiming: Sticky Flame
Press: ? - help, Shift-Dir - straight line, f/p - Snorg
Aim: Snorg (almost dead, berserk, fast, unusually strong)
The sticky flame hits Snorg.
Snorg is almost dead.
Snorg is covered in liquid flames!
Snorg burns!
Snorg bites you.
* * * LOW HITPOINT WARNING * * *
Snorg barely misses you. Snorg closely misses you. Snorg bites you!!
You die...

▓▓ ▓▓▓ .♣♣♣ ♣.############
...♣ ♣♣.#___#___#__# .♣♣♣
♣..#...#__.#._#
.≈.♣♣♣♣.###+#+###+##
≈≈.♣♣.♣.#.......@..#
≈≈≈.♣.♣.'.⌠......T.#
≈≈≈≈≈...#...######'#
≈≈≈≈....#.⌠.#__#...#+####
≈≈≈.....#...#__#...#§§§§§
≈.......#+###__#.§.#§#§§≈#
........#...#__#.§.'§#§§.#
........#___#__+.§.#§#.§.#
▓▓▓▓▓▓▓▓▓▓▓▓▓▓▓▓▓▓▓▓▓▓▓▓▓▓


You could see Snorg (berserk).

Vanquished Creatures
  A deep elf mage (D)
  A shadow (D)
  A spatial vortex (D)
  A necrophage (D)
  A water elemental (D)
  A jelly (D)
  A wizard (D)
  A necromancer (D)
  3 humans (D)
  A kobold demonologist (D)
  A wolf (D)
  An ooze (D)
  3 rats (D)
17 creatures vanquished.

Vanquished Creatures (others)
  2 draconian scorchers (D)
  6 hellions (D)
  A yaktaur (D)
  A plant (D)
10 creatures vanquished.

Grand Total: 27 creatures vanquished

Notes
Turn   | Place    | Note
-------+----------+-------------------------------------------
     0 | D        | Kidiri the Deep Elf Fire Elementalist began the quest for the Orb.
     0 | D        | Reached XP level 1. HP: 10/10 MP: 6/6
     3 | D        | Reached skill level 4 in Spellcasting
    76 | D        | Killed a hellion
    76 | D        | Killed a hellion
    84 | D        | Killed a yaktaur
   115 | D        | Noticed a wolf
   125 | D        | Killed a wolf
   125 | D        | Reached skill level 5 in Spellcasting
   125 | D        | Reached XP level 2. HP: 11/15 MP: 1/10
   129 | D        | Learned a level 2 spell: Throw Flame
   131 | D        | Killed a hellion
   142 | D        | Killed a white draconian scorcher
   153 | D        | Gained mutation: Your mind is acute. (Int +2) [potion of mutation]
   153 | D        | Gained mutation: You evolve. [potion of mutation]
   153 | D        | Gained mutation: Your system is resistant to poisons. (rPois) [potion of mutation]
   153 | D        | Killed a hellion
   178 | D        | Killed a white draconian scorcher
   189 | D        | Killed a hellion
   191 | D        | Killed a hellion
   215 | D        | Reached skill level 6 in Spellcasting
   215 | D        | Reached XP level 3. HP: 19/19 MP: 4/13
   220 | D        | Learned a level 3 spell: Conjure Flame
   224 | D        | Learned a level 3 spell: Inner Flame
   279 | D        | Noticed a water elemental
   282 | D        | Killed a water elemental
   282 | D        | Reached skill level 8 in Spellcasting
   282 | D        | Reached skill level 5 in Fire Magic
   282 | D        | Reached XP level 4. HP: 24/24 MP: 9/16
   289 | D        | Learned a level 4 spell: Sticky Flame
   327 | D        | Found a radiant altar of Vehumet.
   328 | D        | Found a deep blue altar of Sif Muna.
   328 | D        | Found an ancient bone altar of Kikubaaqudgha.
   328 | D        | Noticed a wizard
   330 | D        | Killed a wizard
   330 | D        | Reached skill level 9 in Spellcasting
   330 | D        | Reached skill level 5 in Conjurations
   332 | D        | Reached XP level 5. HP: 22/28 MP: 7/19
   350 | D        | Learned a level 5 spell: Fireball
   354 | D        | Learned a level 3 spell: Mephitic Cloud
   362 | D        | Became a worshipper of Vehumet
   405 | D        | Found a glowing silver altar of Zin.
   406 | D        | Found a glowing golden altar of the Shining One.
   406 | D        | Found a white marble altar of Elyvilon.
   406 | D        | Noticed a deep elf mage
   416 | D        | Killed a deep elf mage
   416 | D        | Reached skill level 5 in Dodging
   416 | D        | Reached skill level 11 in Spellcasting
   416 | D        | Reached XP level 6. HP: 28/36 MP: 5/22
   416 | D        | Reached XP level 7. HP: 31/40 MP: 5/24
   515 | D        | Found an ornate altar of the Wu Jian Council.
   515 | D        | Found a roughly hewn altar of Beogh.
   515 | D        | Found an iron altar of Okawaru.
   515 | D        | Found a bloodstained altar of Trog.
   515 | D        | Found a hide-covered altar of Uskayaw.
   515 | D        | Noticed a human
   515 | D        | Noticed a human
   524 | D        | Killed a human
   524 | D        | Reached skill level 12 in Spellcasting
   527 | D        | Killed a human
   527 | D        | Reached * piety under Vehumet
   527 | D        | Offered knowledge of Sting by Vehumet.
   611 | D        | Found a basalt altar of Yredelemnul.
   611 | D        | Found a shadowy altar of Dithmenos.
   611 | D        | Found a sacrificial altar of Ru.
   651 | D        | Noticed a shadow
   658 | D        | Killed a shadow
   658 | D        | Offered knowledge of Throw Frost by Vehumet.
   658 | D        | Reached ** piety under Vehumet
   658 | D        | Reached XP level 8. HP: 15/48 MP: 14/26
   658 | D        | Reached skill level 5 in Poison Magic
   865 | D        | Learned a level 2 spell: Throw Frost
   867 | D        | Found a blossoming altar of Fedhas.
   867 | D        | Found a stormy altar of Qazlal.
   867 | D        | Found a snail-covered altar of Cheibriados.
   867 | D        | Found a burning altar of Makhleb.
   867 | D        | Found a shimmering altar of Xom.
   868 | D        | Found a hazy altar of Hepliaklqana.
   868 | D        | Found an opulent altar of Gozag.
   868 | D        | Found a sparkling altar of Nemelex Xobeh.
   868 | D        | Found a corrupted altar of Lugonu.
   868 | D        | Found a viscous altar of Jiyva.
   886 | D        | Offered knowledge of Searing Ray by Vehumet.
   960 | D        | Noticed Snorg
   973 | D        | Demolished by Snorg

Vault maps used:
D:        dungeon_sprint_mu

Skill      XL: |  1  2  3  4  5  6  7  8 |
---------------+-------------------------+-----
Spellcasting   | 5 6 8 9 11 12 | 12.8
Conjurations   | 3 4 5 6 7 |  7.7
Fire Magic     | 4 5 6 7 8 |  8.4
Fighting       | 2 3 |  3.9
Short Blades   | 3 4 |  4.6
Armour         | 2 3 |  3.8
Dodging        | 5 6 |  6.2
Air Magic      | 3 4 |  4.6
Poison Magic   | 3 4 5 |  5.1
Stealth        | |  2.4
Ice Magic      | |  0.8

Action                   |  1- 3 |  4- 6 |  7- 9 || total
-------------------------+-------+-------+-------++-------
Melee: Dagger            |       |     1 |     1 ||     2
 Cast: Flame Tongue      |    18 |     5 |    34 ||    57
       Throw Flame       |     1 |       |       ||     1
       Conjure Flame     |     1 |       |     2 ||     3
       Sticky Flame      |       |     3 |     5 ||     8
       Mephitic Cloud    |       |     1 |     1 ||     2
       Inner Flame       |       |       |     2 ||     2
       Fireball          |       |       |     3 ||     3
  Use: Scroll            |     3 |       |     1 ||     4
       Potion            |     1 |       |     1 ||     2
 Stab: Confused          |       |     1 |       ||     1
Armor: Robe              |     1 |       |     1 ||     2
Dodge: Dodged            |     8 |     1 |    18 ||    27

Table legend:
 A = Spawn XP
 B = Non-spawn XP
 C = Spawn XP percentage of total XP
 D = Spawn monster count
 E = Non-spawn monster count
 F = Spawn count percentage of total count
 G = Total turns spent on level
                    A         B        C        D         E        F      G
               +---------+---------+-------+---------+---------+-------+---------
         Total |       0 |    1832 |   0.0 |       0 |      17 |   0.0 |   973
               +---------+---------+-------+---------+---------+-------+---------
             D |       0 |    1832 |   0.0 |       0 |      17 |   0.0 |   973
               +---------+---------+-------+---------+---------+-------+---------
